Map: Lerilak Crest

Players

DreskTop

  • Race: Terran Terran

wabbajack - Winner!

  • Race: Zerg Zerg
  • League: Grandmaster

VOD

Have the link to the VOD?

Description

Time

  • Played on: July 15, 2015, 12:12 p.m.
  • Length: 5:37
Show
View Real Time Build Order
Export as new Build Order

DreskTop Terran 

Build Orders:  

Get SALT Encoding   

  12  0:01  SCV  
  13  0:13  SCV  
  14  0:25  SCV  
  14  0:27  Supply Depot  
  15  0:30  Refinery  
  15  0:50  Barracks  
  15  0:51  SCV  
  16  1:03  SCV  
  17  1:15  SCV  
  18  1:20  Supply Depot  
  18  1:27  SCV  
  19  1:42  Marine  
  19  1:44  Command Center  
  20  1:47  SCV  
  21  2:01  Orbital Command  
  21  2:04  Marine  
  22  2:19  Supply Depot  
  22  2:22  Marine  
  23  2:29  Factory  
  23  2:39  Marine  
  24  2:57  Orbital Command  
  24  3:03  Refinery  
  24  3:05  Barracks Reactor  
  24  3:14  Hellion  
  25  3:34  SCV x2  
  25  3:38  Command Center  
  25  3:39  Factory, Refinery  
  25  3:40  Factory Tech Lab  
  27  3:43  Marine x2  
  27  3:46  SCV x2  
  31  3:58  SCV x2  
  31  3:59  Widow Mine  
  31  4:01  Marine x2  
  37  4:14  SCV, Armory  
  38  4:18  Marine  
  38  4:20  SCV  
  40  4:27  Widow Mine  
  40  4:28  Widow Mine  
  44  4:36  Supply Depot  
  44  4:42  Marine x2  
  45  4:56  Widow Mine  
  45  4:57  Widow Mine  
  30  5:16  Marine x2  
  24  5:24  SCV  
Show
View Real Time Build Order
Export as new Build Order

wabbajack Zerg - Winner!

Build Orders: Hatch First 

Get SALT Encoding   

  12  0:01  Drone  
  13  0:13  Overlord  
  13  0:18  Drone  
  14  0:22  Extractor  
  14  0:24  Drone  
  15  0:33  Drone  
  16  0:36  Drone  
  17  1:10  Hatchery  
  16  1:17  Extractor  
  15  1:19  Spawning Pool  
  15  1:20  Drone x3  
  17  1:31  Drone  
  18  1:48  Drone  
  18  1:53  Overlord  
  19  2:06  Queen  
  19  2:07  Zergling x2  
  22  2:16  Zergling x2  
  22  2:21  Metabolic Boost  
  22  2:22  Queen  
  25  2:25  Drone  
  26  2:46  Extractor  
  26  2:50  Roach Warren  
  24  2:55  Drone  
  24  2:56  Drone x4  
  29  3:03  Overlord  
  29  3:05  Queen  
  30  3:24  Overlord  
  30  3:26  Drone x2  
  30  3:27  Drone  
  32  3:53  Roach  
  32  3:54  Roach x6  
  46  3:59  Roach x3  
  46  4:02  Overlord  
  52  4:06  Overlord  
  52  4:34  Overlord  
  52  4:36  Zergling x6  
  52  4:37  Zergling x14  
  62  4:45  Overlord  
Tags
 
Add a new tag
Caveats
  • Supply blocks, unpowered buildings, or Contaminate may cause inaccurate times.
  • Supply counts are checked every 10 seconds.